 Dungeon Crawl Stone Soup version 0.19-a0-459-gb8ed64d (webtiles) character file.

86433 Geppetto the Envoy of Void (level 15, -20/126 HPs)
             Began as a Demonspawn Abyssal Knight on June 2, 2016.
             Was a High Priest of Lugonu.
             Demolished by a large abomination (29 damage)
             ... on level 1 of the Abyss.
             The game lasted 02:21:04 (32755 turns).

Geppetto the Envoy of Void (DsAK)                  Turns: 32755, Time: 02:21:04

Health: -20/126    AC: 18    Str: 17    XL:     15   Next: 40%
Magic:  20/27      EV: 16    Int: 15    God:    Lugonu [*****.]
Gold:   2047       SH:  0    Dex: 18    Spells: 0 memorised, 14 levels left

rFire  + + .     SeeInvis +     B - +2 morningstar (distort)
rCold  + . .     Gourm    .     y - +3 ring mail {rF+}
rNeg   . . .     Faith    .     (no shield)
rPois  +         Spirit   .     (helmet unavailable)
rElec  .         Dismiss  .     x - +0 cloak of the Lonely Hells {+Inv MR+}
rCorr  .         Reflect  .     K - +0 pair of gloves
SustAt .         Harm     .     A - +0 pair of boots
MR     ++...                    m - amulet of rage
Stlth  +.........               E - +5 ring of strength
                                e - ring of poison resistance

@: studying Polearms, drained, very resistant to hostile enchantments, very
unstealthy
A: claws 1, horns 3, icy blue scales 3, see invisible, fire resistance 1,
mutation resistance 1, powered by death 1, robust 1, spiny 2, wild magic 1
a: Depart the Abyss, Bend Space, Banish, Corrupt, Enter the Abyss, Renounce
Religion, Evoke Berserk Rage, Evoke Invisibility


You were on level 1 of the Abyss.
You worshipped Lugonu.
Lugonu was extremely pleased with you.
You were not hungry.

You visited 4 branches of the dungeon, and saw 22 of its levels.
You visited the Abyss 2 times.
You also visited: Labyrinth and Ice Cave.

You collected 2287 gold pieces.
You spent 240 gold pieces at shops.

Inventory:

Hand Weapons
 a - the +7 mace of Fear {crush, *Rage rElec MR+ Int+2}
   (You found it on level 11 of the Dungeon)

   It inflicts extra damage upon your enemies.
   It affects your intelligence (+2).
   It insulates you from electricity.
   It affects your resistance to hostile enchantments.
   It may make you go berserk in combat.
 B - a +2 morningstar of distortion (weapon)
Armour
 x - the +0 cloak of the Lonely Hells (worn) {+Inv MR+}
   (You found it on level 7 of the Dungeon)

   It affects your resistance to hostile enchantments.
   It lets you turn invisible.
 y - a +3 ring mail of fire resistance (worn)
 A - a +0 pair of boots (worn)
 K - a +0 pair of gloves (worn)
Jewellery
 e - a ring of poison resistance (left hand)
 f - a +3 ring of protection
 m - an amulet of rage (around neck)
 E - a +5 ring of strength (right hand)
 P - an uncursed ring of ice
 Q - an uncursed ring of protection from magic
 V - an uncursed ring of magical power
Wands
 k - a wand of paralysis (7/24)
 o - a wand of enslavement (9/24)
 q - a wand of iceblast (0/15)
 s - a wand of slowing (25/48)
 G - a wand of acid (0/15)
 S - a wand of flame (17/48)
 U - a wand of lightning (4/15)
Scrolls
 i - 6 scrolls of teleportation
 n - 4 scrolls of remove curse
 v - 4 scrolls of fog
 C - a scroll of magic mapping
 L - 4 scrolls of identify
 W - a scroll of amnesia
 Y - 8 scrolls of enchant armour
 Z - 2 scrolls of blinking
Potions
 d - 5 potions of cancellation
 g - 6 potions of curing
 h - 3 potions of magic
 r - a potion of cure mutation
 t - a potion of might
 z - 3 potions of berserk rage
 H - 3 potions of brilliance
 I - a potion of flight
 J - 2 potions of ambrosia
 N - a potion of haste
 X - 3 potions of agility
Books
 b - a manual of Polearms
 T - a book of Power

   Spells                             Type                      Level
   a - Fulminant Prism                Conjuration/Hexes            4
   b - Iskenderun's Mystic Blast      Conjuration                  4
   c - Venom Bolt                     Conjuration/Poison           5
   d - Bolt of Magma                  Conjuration/Fire/Earth       5
   e - Iron Shot                      Conjuration/Earth            6
   f - Orb of Destruction             Conjuration                  7
   g - Spellforged Servitor           Conjuration/Summoning        7
Miscellaneous
 u - a disc of storms
 F - a legendary deck of escape
 O - a fan of gales
Comestibles
 c - 3 bread rations
 j - 9 meat rations
 l - 44 fruits
 p - 2 slices of pizza
 w - 5 beef jerkies
 D - 9 royal jellies


   Skills:
 - Level 10.0(9.1) Fighting
 * Level 9.5(8.6) Maces & Flails
 - Level 2.3(1.6) Polearms
 - Level 9.8(8.8) Armour
 - Level 10.0(9.0) Dodging
 + Level 16.3(15.2) Invocations
 + Level 14.0(12.9) Evocations


You had 14 spell levels left.
You didn't know any spells.

Dungeon Overview and Level Annotations

Branches:
Dungeon (11/15)            Temple (1/1) D:6            Lair (8/8) D:10
  Swamp (0/4) Lair:5       Spider (0/4) Lair:6        Slime (0/6) Lair:6
    Orc (2/2) D:11            Elf (0/3) Orc:2

Altars:
Ashenzari
Cheibriados
Dithmenos
Elyvilon
Fedhas
Gozag
Hepliaklqana
Kikubaaqudgha
Makhleb
Nemelex Xobeh
Okawaru
Pakellas
Qazlal
Ru
Sif Muna
Trog
Uskayaw
Vehumet
Xom
Yredelemnul
Zin
The Shining One
Beogh
Jiyva

Shops:
D:6 }   Orc:2 (

Annotations:
Lair:5 exclusion: ice statue
Orc:2 corrupted
Abyss:1 Gastronok, Harold, Sonja


Innate Abilities, Weirdness & Mutations

You have a pair of large horns on your head.
You are completely covered in icy blue scales. (AC +4, EV -1, rC+)
You regenerate a little health from kills.
You are robust. (+10% HP)
You are mostly covered in sharp spines.
You have sharp fingernails.
You have supernaturally acute eyesight. (SInv)
Your flesh is heat resistant. (rF+)
You are somewhat resistant to further mutation.
Your spells are a little harder to cast, but a little more powerful.


Message History

The wight barely misses you. The wight is struck by your spines.
You destroy the wight!
You thump the wight!
You destroy the wight!
A large abomination comes into view.
Things that are here:
a long sword of electrocution; a robe
There are no items here.
You sock the large abomination!
Space bends around the large abomination.
The large abomination is moderately damaged.
The large abomination is struck by your spines.
The large abomination hits you!
* * * LOW HITPOINT WARNING * * *
You hit the large abomination.
Space warps horribly around the large abomination!
You headbutt the large abomination!
The large abomination is severely damaged.
The large abomination hits you!!
You die...

.#..##.#... ...#
...............##.
..................
.......∩........##
..................
. .............##
.......)#.......##
....###).#.......#
... #..X@.......#
.. ....#.#...$...##
....#.#..#.....#.#
.. ............# .
.....# ...#....
..................
................#..
..#............####
#....######.#


You could see a large abomination.

Vanquished Creatures
  A dire elephant (Lair:8)
  A minotaur (Lab)
  6 hydras
  Erica (Lair:2)
  A deep troll shaman (Lair:8)
  11 death yaks (Lair:8)
  Nergalle (Lair:4)
  3 orc high priests (Orc:2)
  A spriggan (Lair:8)
  6 hill giants
  4 griffons
  An orc sorcerer (Orc:2)
  A deep elf mage (D:11)
  A cyclops (D:11)
  An ugly thing (D:11)
  A manticore (D:11)
  11 elephants
  8 black mambas
  3 ice statues (IceCv)
  20 spiny frogs
  A rime drake (Lair:2)
  14 komodo dragons
  A jumping spider (Lair:6)
  7 trolls
  A two-headed ogre (Orc:2)
  13 polar bears
  16 blink frogs
  4 slime creatures (D:11)
  A minotaur skeleton (Lab)
  A redback (Lair:6)
  2 vampires (D:11)
  2 wraiths (D:11)
  4 wyverns
  55 yaks
  3 basilisks
  3 hungry ghosts
  9 hippogriffs
  7 wargs
  Menkaure (D:4)
  2 soldier ants (D:8)
  10 porcupines
  21 water moccasins
  2 wasps
  3 necrophages
  9 ice beasts
  20 orc warriors
  5 sky beasts
  2 black bears (Lair:8)
  2 phantoms
  5 centaurs
  6 ogres
  38 wolves
  20 crocodiles
  3 big kobolds
  27 giant frogs
  A scorpion (D:6)
  2 water moccasin skeletons (D:8)
  12 killer bees
  2 electric eels (Lair:6)
  13 wights
  7 crimson imps
  A quasit (D:4)
  3 centaur zombies
  2 giant frog zombies
  6 hounds
  3 centaur skeletons
  22 orc priests
  A giant frog skeleton (D:10)
  10 iguanas
  3 jellies
  28 orc wizards
  6 hell rats (Lair:5)
  7 worker ants
  A killer bee zombie (D:9)
  6 sheep
  3 hound zombies
  A worker ant zombie (D:6)
  3 gnolls (D:9)
  A howler monkey skeleton (D:11)
  64 river rats
  10 adders
  3 shadow imps
  15 white imps
  4 oozes
  2 adder skeletons
  6 worms
  3 dart slugs
  3 giant geckos
  69 orcs
  2 giant cockroaches (D:2)
  9 goblins
  5 hobgoblins
  4 jackals (D:5)
  A quokka (D:4)
  3 ball pythons
  9 bats
  A giant gecko zombie (D:8)
  6 giant newts
  25 kobolds
  9 rats
  A butterfly (Lair:8)
  22 plants
823 creatures vanquished.

Vanquished Creatures (collateral kills)
  A yak (IceCv)
1 creature vanquished.

Vanquished Creatures (others)
  A frost giant (IceCv)
  A catoblepas (Lair:8)
  A hydra (Lair:8)
  3 orc knights (Orc:2)
  A deep elf mage (D:11)
  3 orc sorcerers (Orc:2)
  A black mamba (Lair:1)
  A spiny frog (Lair:2)
  A freezing wraith (Lair:5)
  5 polar bears
  A water moccasin (D:11)
  An orc warrior (Orc:2)
  A centaur (D:9)
  3 electric eels
  3 orc wizards (Orc:2)
  3 orcs (Orc:2)
  A bush (Lair:8)
  46 fungi
  22 plants
  4 starspawn tentacles (Orc:2)
  39 starspawn tentacle segments (Orc:2)
142 creatures vanquished.

Grand Total: 966 creatures vanquished

Notes
Turn   | Place    | Note
--------------------------------------------------------------
     0 | Abyss:1  | Geppetto the Demonspawn Abyssal Knight began the quest for the Orb.
     0 | Abyss:1  | Reached XP level 1. HP: 18/18 MP: 2/2
    32 | Abyss:1  | Noticed a four-headed hydra simulacrum
    43 | Abyss:1  | Noticed a tentacled starspawn
    48 | D:1      | Escaped the Abyss
   424 | D:1      | Gained mutation: You are partially covered in sharp spines. [demonic ancestry]
   424 | D:1      | Reached XP level 2. HP: 24/24 MP: 3/3
   433 | D:1      | Reached * piety under Lugonu
  1031 | D:2      | Gained mutation: You have a pair of small horns on your head. [demonic ancestry]
  1031 | D:2      | Reached XP level 3. HP: 26/29 MP: 4/4
  1417 | D:2      | Found a hazy altar of Hepliaklqana.
  1473 | D:2      | Found a faded altar of an unknown god.
  1521 | D:2      | Found a glowing golden altar of the Shining One.
  1523 | D:2      | Reached ** piety under Lugonu
  1903 | D:3      | Reached skill level 1 in Evocations
  1903 | D:3      | Gained mutation: You have a pair of horns on your head. [demonic ancestry]
  1903 | D:3      | Reached XP level 4. HP: 16/35 MP: 5/5
  2402 | D:3      | Gained mutation: You are mostly covered in sharp spines. [demonic ancestry]
  2402 | D:3      | Reached XP level 5. HP: 38/41 MP: 6/6
  2528 | D:4      | Noticed an ogre
  2532 | D:4      | Killed an ogre
  2603 | D:4      | Noticed Menkaure
  2618 | D:4      | Killed Menkaure
  2618 | D:4      | Reached skill level 5 in Maces & Flails
  2618 | D:4      | Gained mutation: You have a pair of large horns on your head. [demonic ancestry]
  2618 | D:4      | Reached XP level 6. HP: 32/47 MP: 8/8
  3141 | D:4      | Noticed an orc warrior
  3159 | D:4      | Killed an orc warrior
  3340 | D:4      | Reached XP level 7. HP: 49/52 MP: 10/10
  3767 | D:4      | Reached skill level 5 in Evocations
  3957 | D:5      | Entered Level 5 of the Dungeon
  4073 | D:5      | Reached *** piety under Lugonu
  4127 | D:5      | Gained mutation: You are partially covered in icy blue scales. (AC +1) [demonic ancestry]
  4127 | D:5      | Reached XP level 8. HP: 34/58 MP: 12/12
  4130 | D:5      | Reached skill level 3 in Invocations
  4583 | D:5      | Reached skill level 4 in Invocations
  5070 | D:6      | Found a stormy altar of Qazlal.
  5074 | D:6      | Found a burning altar of Makhleb.
  5087 | D:6      | Found a staircase to the Ecumenical Temple.
  5116 | D:6      | Found Fyenly's Gadget Boutique.
  5121 | D:6      | Reached skill level 5 in Invocations
  5138 | D:6      | Bought a disc of storms for 240 gold pieces
  5270 | D:6      | Gained mutation: You regenerate a little health from kills. [demonic ancestry]
  5270 | D:6      | Reached XP level 9. HP: 34/64 MP: 14/14
  5274 | D:6      | Reached **** piety under Lugonu
  5433 | D:6      | Found a shadowy altar of Dithmenos.
  5558 | D:6      | Found a glowing silver altar of Zin.
  5558 | D:6      | Found a deep blue altar of Sif Muna.
  5558 | D:6      | Found an oddly glowing altar of Pakellas.
  5559 | D:6      | Found an opulent altar of Gozag.
  5559 | D:6      | Found a burning altar of Makhleb.
  5591 | Temple   | Entered the Ecumenical Temple
  5743 | D:6      | Found a shattered altar of Ashenzari.
  5861 | D:6      | Reached skill level 6 in Invocations
  5902 | D:7      | Reached skill level 5 in Fighting
  6140 | D:7      | Got an ancient cloak
  6146 | D:7      | Identified the +0 cloak of the Lonely Hells {+Inv MR+} (You found it on level 7 of the Dungeon)
  6552 | D:7      | Found a bloodstained altar of Trog.
  6732 | D:7      | Reached skill level 7 in Invocations
  7409 | D:8      | Reached XP level 10. HP: 49/77 MP: 16/16
  7566 | D:8      | Reached ***** piety under Lugonu
  8216 | D:9      | Noticed Gastronok
  8216 | D:9      | Noticed a hill giant
  8218 | D:9      | Banished Gastronok
  8218 | D:9      | Reached skill level 8 in Invocations
  8225 | D:9      | Killed a hill giant
  8444 | D:9      | Reached skill level 9 in Invocations
  9120 | D:9      | Reached XP level 11. HP: 89/89 MP: 18/18
  9358 | D:10     | Entered Level 10 of the Dungeon
  9606 | D:10     | Noticed a hill giant
  9617 | D:10     | Killed a hill giant
  9921 | D:10     | Reached skill level 10 in Invocations
 10044 | D:10     | Noticed a hill giant
 10054 | D:10     | Killed a hill giant
 10054 | D:10     | Reached skill level 10 in Fighting
 10356 | D:10     | Found a staircase to the Lair.
 10735 | Lair:1   | Entered Level 1 of the Lair of Beasts
 10916 | Lair:1   | Found a frozen archway.
 11014 | IceCv    | Entered an ice cave
 11029 | IceCv    | Reached skill level 10 in Evocations
 11452 | IceCv    | Gained mutation: Your spells are a little harder to cast, but a little more powerful. [potion of beneficial mutation]
 11453 | IceCv    | Gained mutation: You have an increased reservoir of magic. (+10% MP) [potion of beneficial mutation]
 11454 | IceCv    | Gained mutation: You have sharp fingernails. [potion of beneficial mutation]
 11685 | IceCv    | Reached skill level 11 in Invocations
 12037 | IceCv    | Reached skill level 5 in Armour
 13153 | IceCv    | Noticed a frost giant
 13164 | IceCv    | Banished a frost giant
 13164 | IceCv    | Gained mutation: You are mostly covered in icy blue scales. (AC +3, EV -1) [demonic ancestry]
 13164 | IceCv    | Reached XP level 12. HP: 88/97 MP: 17/22
 14050 | Lair:1   | Noticed a five-headed hydra
 14051 | Lair:1   | Noticed an eight-headed hydra
 14055 | Lair:1   | Banished a five-headed hydra
 14118 | Lair:1   | Killed an eight-headed hydra
 14312 | Lair:1   | Reached skill level 12 in Invocations
 15794 | Lair:2   | Noticed Erica
 15806 | Lair:2   | Killed Erica
 16358 | Lair:2   | Found a burning altar of Makhleb.
 17909 | Lair:3   | Reached skill level 13 in Invocations
 17962 | Lair:3   | Noticed a four-headed hydra
 17974 | Lair:3   | Killed a four-headed hydra
 18214 | Lair:3   | Gained mutation: You are robust. (+10% HP) [demonic ancestry]
 18214 | Lair:3   | Reached XP level 13. HP: 110/113 MP: 23/25
 18778 | Lair:4   | Noticed Nergalle
 18796 | Lair:4   | Killed Nergalle
 19054 | Lair:4   | Reached ****** piety under Lugonu
 19070 | Lair:4   | Noticed Harold
 19076 | Lair:4   | Banished Harold
 19736 | Lair:5   | Got an ivory falchion
 19737 | Lair:5   | Identified the +8 falchion "Worecw" {drain, rC+ Str-4 Int+4} (You found it on level 5 of the Lair of Beasts)
 19764 | Lair:5   | Reached skill level 1 in Dodging
 20991 | Lair:5   | Found a staircase to the Swamp.
 21855 | Lair:6   | Found a labyrinth entrance.
 21865 | Lab      | Entered a labyrinth
 22254 | Lab      | Noticed a minotaur
 22279 | Lab      | Killed a minotaur
 22511 | Lair:6   | Reached skill level 14 in Invocations
 22532 | Lair:6   | Found a runed door.
 22534 | Lair:6   | Found a viscous altar of Jiyva.
 22535 | Lair:6   | Found a staircase to the Slime Pits.
 22616 | Lair:6   | Found a hole to the Spider Nest.
 23167 | Lair:6   | Reached skill level 5 in Dodging
 24904 | Lair:7   | Gained mutation: You are completely covered in icy blue scales. (AC +4, EV -1, rC+) [demonic ancestry]
 24904 | Lair:7   | Reached XP level 14. HP: 69/121 MP: 27/27
 25721 | Lair:8   | Entered Level 8 of the Lair of Beasts
 26245 | Lair:8   | Reached skill level 15 in Invocations
 28329 | Lair:8   | Gained mutation: Your muscles are strong. (Str +2) [potion of beneficial mutation]
 28927 | D:11     | Reached skill level 10 in Dodging
 29074 | D:11     | Noticed Sonja
 29074 | D:11     | Banished Sonja
 29092 | D:11     | Reached skill level 16 in Invocations
 29092 | D:11     | Reached XP level 15. HP: 95/126 MP: 27/29
 29224 | D:11     | Gained mutation: Your flesh is heat resistant. (rF+) [mutagenic meat]
 29226 | D:11     | Gained mutation: You have supernaturally acute eyesight. (SInv) [mutagenic meat]
 29233 | D:11     | Got a faintly glowing trident
 29234 | D:11     | Identified the +11 trident "Ceyfima" {flame, rC+} (You found it on level 11 of the Dungeon)
 29308 | D:11     | Lost mutation: Your muscles are strong. (Str +2) [mutagenic meat]
 29309 | D:11     | Lost mutation: You have an increased reservoir of magic. (+10% MP) [mutagenic meat]
 29310 | D:11     | Gained mutation: You are somewhat resistant to further mutation. [mutagenic meat]
 29362 | D:11     | Reached skill level 1 in Polearms
 29411 | D:11     | Got a translucent mace
 29413 | D:11     | Identified the +7 mace of Fear {crush, *Rage rElec MR+ Int+2} (You found it on level 11 of the Dungeon)
 30207 | D:11     | Found a staircase to the Orcish Mines.
 30240 | D:11     | Got an encrusted battleaxe {chop}
 30241 | D:11     | Identified the +6 battleaxe "Suthestre" {chop, rC+ rN++ Int+3 Stlth-} (You took it off an orc on level 11 of the Dungeon)
 30680 | Orc:1    | Entered Level 1 of the Orcish Mines
 30909 | Orc:1    | Found a roughly hewn altar of Beogh.
 30997 | Orc:1    | Found a roughly hewn altar of Beogh.
 31074 | Orc:2    | Entered Level 2 of the Orcish Mines
 31074 | Orc:2    | Found a staircase to the Elven Halls.
 31166 | Orc:2    | Found a roughly hewn altar of Beogh.
 32018 | Lair:5   | Identified a +2 morningstar of distortion (a +0 morningstar corrupted by Lugonu)
 32018 | Lair:5   | Received a gift from Lugonu
 32364 | Orc:2    | Found Fifokhleo's Weapon Shoppe.
 32369 | Orc:2    | Corrupted Orc:2
 32369 | Orc:2    | Noticed a tentacled starspawn
 32370 | Orc:2    | Noticed a tentacled starspawn
 32377 | Orc:2    | Noticed a tentacled starspawn
 32659 | Orc:2    | Noticed an orc warlord
 32695 | Orc:2    | Banished an orc warlord
 32755 | Abyss:1  | Demolished by a large abomination

Vault maps used:
D:1:      lemuel_arrival_rhombus
D:2:      nicolae_overflow_hidden_temple, tso_altar, ecumenical_altar_2,
          first_bread
D:3:      minmay_goblin_outpost
D:4:      guppyfry_early_orc_mine, uniq_menkaure
D:5:      minivault_25, grunt_ministairs_9, minivault_19, minmay_fountain_box
D:6:      minitemple, minmay_temple_entry_glass, serial_shops, shop,
          basic_altar, bloody_makhleb
D:7:      nicolae_overflow_crystal_walls, serial_glass, glass_columns_b,
          glass_columns_a, glass_columns_b, glass_columns_a, glass_columns_a,
          glass_columns_a, glass_columns_b, glass_columns_b, glass_columns_c,
          glass_columns_a
D:8:      hangedman_pestilent_swarm
D:9:      uniq_gastronok
D:10:     david_lair_shrubbed
D:11:     hangedman_cross_cluster, david_orc_3, uniq_sonja
Temple:   minmay_crystal_spiral_temple_12
Lair:1:   wad_woods_structure_01, portal_ice_cave_entry_imps
Lair:2:   basic_altar, serial_bayou_shore_b, uniq_erica
Lair:3:   beast_lair_carwin_large_2
Lair:4:   serial_bayou_pond_a, uniq_nergalle, uniq_harold
Lair:5:   minmay_swamp_entry_reptiles, ice2_lemuel
Lair:6:   spider_nest_entry_a, slime_altar_2, lab_entry_generic,
          wad_woods_river_01
Lair:7:   grunt_megastairs_2, serial_bayou_shore_b, serial_bayou_shore_a
Lair:8:   grunt_lair_end_beastmaster, grunt_forest_large_clearings,
          grunt_megastairs_5, lemuel_fruit_fields
Orc:1:    basic_altar, minmay_orc_temple_b
Orc:2:    st_orc_congregation, basic_altar, guppyfry_orc_lava_fort
Lab:      labyrinth_watery, labyrinth_glass_1, nicolae_lab_do_over,
          labyrinth_skeletal_remains, nicolae_lab_blocks, nicolae_lab_diamond,
          nicolae_lab_flowing_pool, nicolae_lab_big_swirl, nicolae_lab_swirl,
          lab_block
IceCv:    ice_cave_small_giant

Skill      XL: |  1  2  3  4  5  6  7  8  9 10 11 12 13 14 15 |
---------------+----------------------------------------------+-----
Maces & Flails | 2 3 4 5 6 8 9 |  9.5
Evocations     | 1 2 3 4 5 6 8 9 10 11 12 13 14 | 14.0
Invocations    | 5 7 9 11 13 14 16 | 16.3
Fighting       | 6 9 10 | 10.0
Armour         | 6 9 |  9.8
Dodging        | 6 10 | 10.0
Polearms       | 2 |  2.3

Action                   |  1- 3 |  4- 6 |  7- 9 | 10-12 | 13-15 || total
-------------------------+-------+-------+-------+-------+-------++-------
Melee: Mace              |    99 |    77 |   282 |  1056 |  1190 ||  2704
       Headbutt          |     5 |     5 |    57 |   299 |   310 ||   676
       Morningstar       |       |       |       |       |    65 ||    65
Invok: Depart the Abyss  |     1 |       |       |       |       ||     1
       Banish            |       |       |       |    16 |    20 ||    36
       Corrupt           |       |       |       |       |     1 ||     1
       Enter the Abyss   |       |       |       |       |     1 ||     1
       Brand Weapon With |       |       |       |       |     1 ||     1
 Abil: Evoke Berserk Rag |       |     4 |     6 |    20 |    17 ||    47
Evoke: Wand              |       |       |       |    14 |    31 ||    45
       Disc of storms    |       |       |       |     3 |     3 ||     6
       Fan of gales      |       |       |       |     1 |     2 ||     3
  Use: Scroll            |     8 |     3 |    12 |     8 |    11 ||    42
       Potion            |       |       |     1 |     9 |     6 ||    16
 Stab: Paralysed         |       |       |       |    37 |    43 ||    80
       Distracted        |       |       |       |     2 |       ||     2
       Petrifying        |       |       |       |       |     1 ||     1
  Eat: Chunk             |     3 |     7 |    17 |    40 |    68 ||   135
       Fruit             |       |     1 |       |     1 |       ||     2
       Bread ration      |       |       |       |     3 |     3 ||     6
       Meat ration       |       |       |       |     1 |       ||     1
       Pizza             |       |       |       |       |     4 ||     4
Armor: Leather armour    |    44 |    18 |    72 |       |       ||   134
       Ring mail         |       |       |    28 |   382 |   632 ||  1042
Dodge: Dodged            |    53 |    29 |   127 |   352 |   929 ||  1490
